 Dungeon Crawl Stone Soup version 0.27.1-1-g398f81649c (webtiles) character file.

Game seed: 4631389743910590633

2400 101zpm the Shield-Bearer (level 9, -1/54 HPs)
             Began as a Gargoyle Fighter on Sept 19, 2021.
             Was an Initiate of Makhleb.
             Killed from afar by a steam dragon (16 damage)
             ... with a ball of steam
             ... on level 8 of the Dungeon.
             The game lasted 00:18:27 (8151 turns).

101zpm the Shield-Bearer (Gargoyle Fighter)         Turns: 8151, Time: 00:18:28

Health: -1/54      AC: 24    Str: 23    XL:     9   Next: 46%
Magic:  9/9        EV: 10    Int: 15    God:    Makhleb [......]
Gold:   390        SH: 11    Dex:  9    Spells: 8/8 levels left

rFire    . . .     SeeInvis .   B - +2 whip (freeze)
rCold    . . .     Faith    .   c - +0 kite shield
rNeg     + . .     Spirit   .   x - quicksilver dragon scales
rPois    ∞         Reflect  .   z - +0 helmet
rElec    +         Harm     .   A - +0 cloak
rCorr    .         Rampage  .   (no gloves)
Will     +....                  (no boots)
Stlth    +.........             (no amulet)
HPRegen  0.18/turn              g - +4 ring of protection
MPRegen  0.11/turn              D - +6 ring of intelligence

@: no status effects
A: sickness immunity, AC +6, negative energy resistance 1, electricity
resistance, torment resistance 1, petrification resistance
a: Renounce Religion


You were on level 8 of the Dungeon.
You worshipped Makhleb.
Makhleb was noncommittal.
You visited 2 branches of the dungeon, and saw 9 of its levels.

You collected 390 gold pieces.

Inventory:

Hand Weapons
 a - a +0 flail
 B - a +2 whip of freezing (weapon)
Missiles
 j - 152 stones (quivered)
 k - 43 sling bullets
 n - 5 boomerangs
 s - 70 bolts
 H - 45 arrows
 I - 2 javelins
Armour
 b - a +0 scale mail
 c - a +0 kite shield (worn)
 q - a +2 robe of the Archmagi
 r - a +2 robe of willpower
 x - quicksilver dragon scales (worn)
 z - a +0 helmet (worn)
 A - a +0 cloak (worn)
Jewellery
 f - a ring of wizardry
 g - a +4 ring of protection (left hand)
 D - a +6 ring of intelligence (right hand)
 F - a ring of ice
Wands
 y - a wand of acid (27)
 E - a wand of polymorph (10)
 G - a wand of digging (6)
Scrolls
 e - a scroll of identify
 l - 2 scrolls of blinking
 m - 2 scrolls of immolation
 o - 2 scrolls of enchant armour
 p - 2 scrolls of noise
 u - a scroll of amnesia
 v - 2 scrolls of teleportation
 K - a scroll of acquirement
 M - a scroll of fog {unknown}
 O - a scroll of silence {unknown}
Potions
 d - a potion of might
 h - 2 potions of haste {unknown}
 i - 3 potions of lignification {unknown}
 t - a potion of brilliance {unknown}
 w - 2 potions of attraction {unknown}
 C - 2 potions of berserk rage
 J - a potion of degeneration {unknown}
 L - a potion of flight {unknown}
 N - a potion of invisibility {unknown}
 P - 2 potions of heal wounds {unknown}


   Skills:
 + Level 5.6 Fighting
 + Level 7.5 Maces & Flails
 + Level 5.6 Armour
 + Level 3.5 Dodging
 + Level 2.7 Stealth
 + Level 7.6 Shields


You had 8 spell levels left.
You didn't know any spells.
Your spell library contained the following spells:

 Spells                   Type           Power      Damage    Failure   Level
 Passwall                 Tmut/Erth      0%         N/A       85%         2
 Static Discharge         Conj/Air       0%         N/A       85%         2
 Conjure Flame            Conj/Fire      0%         6-21      97%         3
 Ignite Poison            Fire/Tmut/Pois 0%         N/A       97%         3
 Spider Form              Tmut/Pois      0%         N/A       97%         3
 Summon Guardian Golem    Hex/Summ       0%         N/A       97%         3
 Dispel Undead            Necr           0%         3d6       100%        4
 Sticky Flame             Conj/Fire      0%         2d3       100%        4
 Summon Lightning Spire   Summ/Air       0%         N/A       100%        4
 Blade Hands              Tmut           0%         N/A       100%        5
 Iron Shot                Conj/Erth      0%         9d1       100%        6
 Orb of Destruction       Conj           0%         N/A       100%        7
 Spellforged Servitor     Conj/Summ      0%         N/A       100%        7
 Storm Form               Tmut/Air       0%         N/A       100%        7
 Maxwell's Capacitive Co  Air            0%         ∞         100%        8


Dungeon Overview and Level Annotations

Branches:
Dungeon (8/15)             Temple (1/1) D:4
   Lair: D:8-11

Altars:
Ashenzari
Cheibriados
Fedhas
Gozag
Hepliaklqana
Makhleb
Nemelex Xobeh
Okawaru
Qazlal
Sif Muna
Uskayaw
Wu Jian
Xom
Yredelemnul
The Shining One

Shops:
D:5 !   D:7 :

Annotations:
D:4 1 transporter
D:5 Eustachio, Grinder


Innate Abilities, Weirdness & Mutations

You are immune to sickness and miasma.
Your stone body is resilient. (AC +6)
You are immune to poison.
You resist negative energy. (rN+)
You are resistant to electric shocks. (rElec)
You are resistant to unholy torment.
You are immune to petrification.


Message History

The steam dragon is lightly wounded.
You block the steam dragon's attack.
The steam dragon claws you but does no damage.
You hit the steam dragon. You freeze the steam dragon.
The steam dragon is moderately wounded.
The steam dragon barely misses you. You block the steam dragon's attack.
You whack the steam dragon! You freeze the steam dragon.
The steam dragon is severely wounded.
The steam dragon bites you but does no damage.
The steam dragon barely misses you.
You closely miss the steam dragon.
The steam dragon is severely wounded.
The steam dragon breathes steam at you.
The ball of steam hits you but does no damage.
You hit the steam dragon but do no damage.
The steam dragon is severely wounded.
You are engulfed in a cloud of scalding steam.
The steam dragon closely misses you.
The steam dragon claws you but does no damage.
You hit the steam dragon. You freeze the steam dragon.
The steam dragon is severely wounded.
You barely miss the steam dragon.
The steam dragon is severely wounded.
The steam dragon barely misses you.
The steam dragon claws you but does no damage.
You barely miss the steam dragon.
The steam dragon is severely wounded.
The steam dragon bites you.
* * * LOW HITPOINT WARNING * * *
You block the steam dragon's attack.
You closely miss the steam dragon.
The steam dragon is severely wounded.
The steam dragon bites you but does no damage.
The steam dragon claws you.
* * * LOW HITPOINT WARNING * * *
You hit the steam dragon. You freeze the steam dragon.
The steam dragon is almost dead.
The steam dragon breathes steam at you. The ball of steam hits you!
You die...

......# .. ......###
..#####........#
........#......#
#....... #....#
.......#####..######
..........<.....@..#
............?....D.#
.................(....
.......)...............#
...........).).........#
#..............!.##.....
............../...##....
#.....#............###..
#...................


You could see a steam dragon (catching breath).

Vanquished Creatures
  Pikel (D:4)
  Prince Ribbit (D:6)
  Menkaure (D:4)
  2 water moccasins (D:6)
  A sky beast (D:6)
  An ice beast (D:6)
  3 necrophages
  3 lemures
  A phantom (D:4)
  3 scorpions
  A water moccasin skeleton (D:3)
  3 wights (D:6)
  2 howler monkeys
  2 centaur zombies (D:6)
  2 hounds
  A jelly (D:4)
  A bullfrog skeleton (D:5)
  3 iguanas
  2 centaur skeletons
  Jessica (D:3)
  3 orc wizards
  A hound zombie (D:5)
  3 hound skeletons
  A gnoll (D:2)
  9 adders
  A shadow imp (D:6)
  A white imp (D:6)
  2 ufetubi
  A worm (D:3)
  2 dart slugs (D:2)
  14 orcs
  8 bats
  6 endoplasms
  2 giant cockroaches
  9 goblins
  5 hobgoblins
  3 jackals (D:2)
  7 kobolds
  4 quokkas
  7 ball pythons
  4 frilled lizards
  7 rats
135 creatures vanquished.

Notes
Turn   | Place    | Note
-------+----------+-------------------------------------------
     0 | D:1      | 101zpm the Gargoyle Fighter began the quest for the Orb.
     0 | D:1      | Reached XP level 1. HP: 14/14 MP: 1/1
   231 | D:1      | Reached XP level 2. HP: 19/19 MP: 2/2
   776 | D:1      | Reached XP level 3. HP: 23/24 MP: 3/3
   876 | D:1      | Found a faded altar of an unknown god.
  1268 | D:3      | Reached XP level 4. HP: 8/29 MP: 4/4
  1519 | D:3      | Reached XP level 5. HP: 31/33 MP: 5/5
  1829 | D:3      | Noticed Jessica
  1836 | D:3      | Killed Jessica
  2930 | D:2      | Reached XP level 6. HP: 26/38 MP: 6/6
  3364 | D:4      | Reached skill level 1 in Dodging
  3588 | D:4      | Found a sparkling altar of Nemelex Xobeh.
  3588 | D:4      | Found a transporter.
  3689 | D:5      | Entered Level 5 of the Dungeon
  3853 | D:5      | Noticed a necrophage
  3868 | D:5      | Killed a necrophage
  3869 | D:5      | Reached XP level 7. HP: 34/44 MP: 7/7
  3976 | D:5      | Reached skill level 5 in Maces & Flails
  4042 | D:5      | Found Ewkifix's Distillery.
  4180 | D:5      | Reached skill level 5 in Shields
  4253 | D:5      | Noticed Eustachio
  4540 | D:4      | Noticed Pikel
  4542 | D:4      | Found a staircase to the Ecumenical Temple.
  4542 | D:4      | Noticed Menkaure
  4555 | D:4      | Killed Pikel
  4556 | D:4      | Reached XP level 8. HP: 34/48 MP: 8/8
  4629 | Temple   | Entered the Ecumenical Temple
  4922 | Temple   | Became a worshipper of Makhleb the Destroyer
  5130 | D:4      | Killed Menkaure
  5131 | D:4      | Reached skill level 1 in Stealth
  5321 | D:4      | Reached skill level 5 in Armour
  5886 | D:6      | Reached skill level 5 in Fighting
  6277 | D:6      | Reached XP level 9. HP: 54/54 MP: 9/9
  6476 | D:6      | Noticed Prince Ribbit
  6782 | D:6      | Killed Prince Ribbit
  7195 | D:6      | Found a hazy altar of Hepliaklqana.
  7379 | D:5      | Noticed Grinder
  7479 | D:5      | Identified a scroll of acquirement
  7494 | D:5      | Paralysed by Grinder for 2 turns
  7799 | D:7      | Found Vaickicw's Book Shoppe.
  7801 | D:7      | Got the Volume of Shifting Clay
  7861 | D:7      | Noticed a cyclops
  8151 | D:8      | Killed from afar by a steam dragon

Illustrated notes

Levels and vault maps discovered:
D:1:      minmay_arrival_radiant_lines, layout_basic,
          shapermc_ecumenical_altar_flowoftime, grunt_decor_arrowhead,
          lemuel_another_geyser
D:2:      layout_loops_ring, minmay_mini_jars
D:3:      layout_basic, uniq_jessica
D:4:      layout_loops_ring, grunt_nemelex_the_gamble, minmay_temple_entry_mist,
          patterned_corridor, uniq_pikel, uniq_menkaure
D:5:      layout_rooms, nicolae_inconvenience_store, uniq_grinder,
          uniq_eustachio
D:6:      layout_cave_pods, nzn_hepliaklqana_mist_gate, uniq_prince_ribbit1
D:7:      layout_cave_pods, gammafunk_temple_overflow_claw, serial_shops,
          nicolae_stop_n_shop_1
D:8:      layout_cave_pools, lemuel_doored_altar, minitemple,
          kennysheep_big_empty_room, hangedman_decor_diamond_cutter,
          uniq_gastronok
Temple:   cyrus_circular_temple

Skill      XL: |  1  2  3  4  5  6  7  8  9 |
---------------+----------------------------+-----
Fighting       | 4 5 |  5.6
Maces & Flails | 3 4 6 7 |  7.5
Shields        | 4 5 7 |  7.6
Armour         | 4 5 |  5.6
Dodging        | 1 2 3 |  3.5
Stealth        | 2 |  2.7

Action                   |  1- 3 |  4- 6 |  7- 9 || total
-------------------------+-------+-------+-------++-------
Melee: Flail             |   126 |   220 |       ||   346
       Whip              |       |    43 |   476 ||   519
Throw: Stone             |       |       |    12 ||    12
       Boomerang         |       |       |     1 ||     1
  Use: Scroll            |       |     3 |     5 ||     8
Armor: Scale mail        |    83 |    99 |       ||   182
       Quicksilver drago |       |    47 |   255 ||   302
Dodge: Dodged            |    40 |    97 |   174 ||   311
Block: Kite shield       |    95 |   148 |   279 ||   522
